 Dungeon Crawl Stone Soup version 0.32-a0-798-gfa783ce (webtiles) character file.

Game seed: 13868160020437983192

2079 nary the Cleaver (level 9, 0/78 HPs)
             Began as a Minotaur Fighter on Mar 21, 2024.
             Slain by an acid dragon (10 damage)
             ... on level 7 of the Dungeon.
             The game lasted 00:25:59 (6756 turns).

nary the Cleaver (Minotaur Fighter)                 Turns: 6756, Time: 00:26:01

Health: 0/78       AC:  7    Str: 26    XL:     9   Next: 6%
Magic:  8/8        EV: 14    Int:  5    God:
Gold:   322        SH:  7    Dex:  9    Spells: 8/8 levels left

rFire   . . .        a - +0 war axe
rCold   . . .        r - +2 buckler
rNeg    . . .        b - +0 scale mail
rPois   .            (helmet restricted)
rElec   .            (no cloak)
rCorr   .            (no gloves)
SInv    .            (no boots)
Will    +....        (no amulet) Stlth
                     m - +5 ring of evasion
HPRegen 0.33/turn    h - ring of willpower
MPRegen 0.11/turn

%: no passive effects
@: no status effects
A: horns 2, retaliatory headbutt
a: no special abilities


You were on level 7 of the Dungeon.
You visited 1 branch of the dungeon, and saw 7 of its levels.

You collected 322 gold pieces.

Inventory:

Hand Weapons
 a - a +0 war axe (weapon)
Armour
 b - a +0 scale mail (worn)
 c - a +0 buckler
 r - a +2 buckler (worn)
 v - a +0 chain mail
Jewellery
 e - a ring of protection from cold
 h - a ring of willpower (right hand)
 m - a +5 ring of evasion (left hand)
 n - a ring of protection from cold
Wands
 w - a wand of mindburst (16)
Scrolls
 f - a scroll of vulnerability
 g - a scroll of torment
 k - 2 scrolls of summoning
 l - 2 scrolls of teleportation
 o - a scroll of blinking {unknown}
 s - a scroll of amnesia {unknown}
 u - 2 scrolls of identify
 x - 2 scrolls of silence {unknown}
 y - a scroll of revelation {unknown}
Potions
 d - a potion of curing {unknown}
 i - 2 potions of invisibility
 j - 2 potions of lignification
 p - a potion of ambrosia {unknown}
 q - 2 potions of heal wounds {unknown}
 t - a potion of berserk rage {unknown}
 z - a potion of haste {unknown}
 A - a potion of resistance {unknown}
 B - a potion of enlightenment {unknown}


   Skills:
 + Level 6.6 Fighting
 + Level 9.9 Axes
 + Level 7.0 Armour
 + Level 2.8 Dodging
 + Level 1.1 Stealth
 + Level 6.4 Shields


You had 8 spell levels left.
You didn't know any spells.
Your spell library contained the following spells:

 Spells                   Type           Power      Damage    Failure   Level
 Apportation              Tloc           0%         N/A       78%         1
 Jinxbite                 Hex            0%         N/A       89%         2
 Dazzling Flash           Conj/Hex       0%         N/A       98%         3
 Frozen Ramparts          Ice            0%         1d1       98%         3
 Mephitic Cloud           Conj/Alch/Air  0%         N/A       98%         3
 Ozocubu's Armour         Ice            0%         N/A       98%         3
 Passwall                 Erth           0%         N/A       98%         3
 Volatile Blastmotes      Fire/Tloc      0%         2d10      98%         3
 Alistair's Intoxication  Alch           0%         N/A       100%        5
 Curse of Agony           Necr           0%         N/A       100%        5
 Metabolic Englaciation   Hex/Ice        0%         N/A       100%        5
 Silence                  Hex/Air        0%         N/A       100%        5
 Bombard                  Conj/Erth      0%         9d1       100%        6


Dungeon Overview and Level Annotations

Branches:
Dungeon (7/15)
 Temple: D:4-7

Altars:
Kikubaaqudgha
Sif Muna
Zin


Innate Abilities, Weirdness & Mutations

You have a pair of horns on your head.
You reflexively headbutt those who attack you in melee.


Message History

The gnoll bouda barks out a call to the hunt!
The gnoll picks up the pace!
The acid dragon closely misses you. You block the acid dragon's attack.
The gnoll hits you with a +4 whip of freezing.
The gnoll freezes you. The gnoll completely misses you.
The gnoll closely misses you.
You closely miss the gnoll. You headbutt the gnoll.
You kill the gnoll!
You hit the acid dragon. You block the gnoll's attack.
The acid dragon spits acid at you. The splash of acid hits you!!
The gnoll hits you from afar with a +0 halberd!
* * * LOW HITPOINT WARNING * * *
You block the gnoll's attack.
You hear a shout!
As you read the scroll of teleportation, it crumbles to dust.
You feel strangely unstable. The gnoll hits you with a +0 flail.
* * * LOW HITPOINT WARNING * * *
The gnoll closely misses you.
The gnoll bouda calls upon its god to heal the gnoll.
The gnoll is healed somewhat.
The acid dragon completely misses you. You furiously retaliate!
You headbutt the acid dragon, but do no damage.
The acid dragon claws you but does no damage.
The gnoll misses you. x2
You slash the gnoll!
You kill the gnoll!
You barely miss the acid dragon. You block the gnoll's attack.
The acid dragon completely misses you. The acid dragon closely misses you.
The gnoll hits you from afar with a +0 halberd!
* * * LOW HITPOINT WARNING * * *
The gnoll misses you.
Unknown command.
As you read the scroll of teleportation, it crumbles to dust.
You feel strangely stable.
The gnoll is no longer moving quickly.
You block the gnoll's attack.
The gnoll bouda barks out a call to the hunt!
The gnoll picks up the pace!
The acid dragon bites you!
You die...

## # # .## .# .. ##..#
(#..# ##..#
######.#..#
##..#######.........#.
#.....#........g......
#.##..........D#.##
#.###.#####.##@#?# #.#
#.# ###.##)#.# #.#
#........ggg.# #.#
#######........g.g#
###.# ####.######..
....# #.# ##### #.#
#.# #.#


You could see an acid dragon, a gnoll bouda and 3 gnolls.

Vanquished Creatures
  3 water moccasins (D:6)
  2 ice beasts
  A sky beast (D:6)
  2 black bears
  An ogre (D:4)
  A phantom (D:4)
  Blork the orc (D:6)
  A bullfrog (D:6)
  5 scorpions
  2 electric eels (D:6)
  A hound (D:4)
  2 bombardier beetles (D:6)
  An orc priest (D:6)
  2 jellies
  4 orc wizards
  4 iguanas
  Robin (D:2)
  9 adders
  5 gnolls
  A shadow imp (D:6)
  A white imp (D:7)
  An ufetubus (D:6)
  A dart slug (D:4)
  2 ribbon worms
  16 orcs
  A bat (D:1)
  4 endoplasms
  8 giant cockroaches
  20 goblins
  8 hobgoblins
  7 jackals
  4 quokkas
  9 ball pythons
  8 kobolds
  2 rats (D:2)
141 creatures vanquished.

Vanquished Creatures (others)
  An ufetubus (D:6)
1 creature vanquished.

Grand Total: 142 creatures vanquished

Notes
Turn   | Place    | Note
-------+----------+-------------------------------------------
     0 | D:1      | nary the Minotaur Fighter began the quest for the Orb.
     0 | D:1      | Reached XP level 1. HP: 19/19 MP: 0/0
   303 | D:1      | Reached XP level 2. HP: 27/27 MP: 1/1
   501 | D:1      | Reached skill level 3 in Axes
   913 | D:2      | Reached XP level 3. HP: 33/33 MP: 2/2
  1434 | D:2      | Noticed Robin
  1442 | D:2      | Reached XP level 4. HP: 16/40 MP: 3/3
  1443 | D:2      | Reached skill level 4 in Axes
  1443 | D:2      | Killed Robin
  2015 | D:3      | Identified the +3 arbalest of the Bouncing Tusks {penet,
                  | rF+ rN+}
  2074 | D:3      | Reached XP level 5. HP: 28/46 MP: 4/4
  2705 | D:4      | Reached skill level 5 in Axes
  2710 | D:4      | Noticed a black bear
  2718 | D:4      | Killed a black bear
  2719 | D:4      | Reached skill level 1 in Dodging
  2719 | D:4      | Reached XP level 6. HP: 50/52 MP: 5/5
  2791 | D:4      | Found an ancient bone altar of Kikubaaqudgha.
  2837 | D:4      | Reached skill level 6 in Axes
  3184 | D:4      | Reached skill level 5 in Armour
  3556 | D:4      | Reached XP level 7. HP: 56/60 MP: 6/6
  3842 | D:4      | Reached skill level 7 in Axes
  4079 | D:5      | Entered Level 5 of the Dungeon
  4303 | D:5      | Reached skill level 5 in Fighting
  4570 | D:5      | Reached skill level 5 in Shields
  4596 | D:5      | Identified the +1 sling "Zukkie" {flame, rElec Int+3}
  4935 | D:5      | Found a glowing silver altar of Zin.
  4989 | D:6      | Reached skill level 8 in Axes
  5126 | D:6      | Reached XP level 8. HP: 51/69 MP: 7/7
  5263 | D:6      | Found a glowing drain.
  5674 | D:6      | Found a shimmering blue altar of Sif Muna.
  5694 | D:6      | Reached skill level 1 in Stealth
  5721 | D:6      | Noticed Blork the orc
  5741 | D:6      | Killed Blork the orc
  5742 | D:6      | Reached skill level 9 in Axes
  6520 | D:6      | Reached XP level 9. HP: 78/78 MP: 8/8
  6756 | D:7      | Slain by an acid dragon

Illustrated notes

Levels and vault maps discovered:
D:1:      sevenhm_arrival_forest_fort_small_5, layout_loops_cross
D:2:      layout_basic, uniq_robin
D:3:      layout_basic, nicolae_concentric_dashed_squares_mild,
          minmay_misc_feat_tiny, minmay_hedge_maze, roderic_lattice_a,
          bh_walls_and_bars
D:4:      layout_loops_ring, mainiacjoe_overflow_paths, serial_co_window_serial,
          co_window_paths_b, co_window_paths_b, co_window_corner_a,
          co_window_cross_1, co_window_paths_a, co_window_paths_a,
          co_window_paths_b, co_window_broadway_b, co_window_paths_c,
          co_window_unsneaky_path_a, co_window_unsneaky_path_d,
          co_window_4corner_a, co_window_paths_d, glass_columns_a,
          glass_columns_b, glass_columns_c, glass_columns_c
D:5:      layout_loops_corners, mainiacjoe_overflow_alcove_4, minivault_11
D:6:      layout_basic, marbit_many_paths, serial_bayou, serial_bayou_shore_b,
          serial_bayou_lagoon_a, serial_bayou_lake_a, serial_bayou_crossing,
          gup_sewer_entry_glass, uniq_blork_the_orc
D:7:      kennysheep_seaside_town, layout_loops_ring,
          minmay_temple_entry_stoned_glass, grunt_ministairs_1

Skill      XL: |  1  2  3  4  5  6  7  8 |
---------------+-------------------------+-----
Shields        | 4 5 6 |  6.4
Axes           | 3 4 5 6 8 9 |  9.9
Armour         | 4 5 6 7 |  7.0
Fighting       | 4 5 6 |  6.6
Dodging        | 1 2 |  2.8
Stealth        | 1 |  1.1

Action                     |  1- 3 |  4- 6 |  7- 9 || total
---------------------------+-------+-------+-------++-------
  Melee: War axe           |    87 |    77 |   210 ||   374
         Headbutt          |    11 |    11 |    28 ||    50
    Use: Scroll            |     2 |     4 |     2 ||     8
         Potion            |     1 |     1 |       ||     2
 Armour: Scale mail        |    89 |    37 |    89 ||   215
  Dodge: Dodged            |    45 |    55 |   109 ||   209
  Block: Buckler           |    28 |    21 |    83 ||   132

Table legend: (Time is in decaauts)
 A = Elapsed time spent in this place.
 B = Non-inter-level travel time spent in this place.
 C = Inter-level travel time spent in this place.
 D = Time resting spent in this place.
 E = Time spent auto-exploring this place.
 F = Levels seen in this place.
 G = Mean time per level.
                   A        B        C        D        E       F      G
               +--------+--------+--------+--------+--------+-----+--------+
         Total |   6867 |   6690 |    177 |    316 |   5404 |   7 |  981.0 |
       Dungeon |   6867 |   6690 |    177 |    316 |   5404 |   7 |  981.0 |
               +--------+--------+--------+--------+--------+-----+--------+

Top non-repeatable levels by time:
     D:6: 1729 daAuts
     D:4: 1444 daAuts
     D:2: 1013 daAuts
     D:5: 896 daAuts
     D:1: 852 daAuts
     D:3: 825 daAuts
     D:7: 106 daAuts
